Map: Ruins of Endion

Players

Fropez - Winner!

  • Race: Protoss Protoss
  • League: Silver
  • Spawn Location: 7:00

PsionicSun

  • Race: Terran Terran
  • League: Gold
  • Spawn Location: 5:00

VOD

Have the link to the VOD?

Description

Time

  • Played on: June 2, 2016, 7:54 p.m.
  • Length: 15:36
Show
View Real Time Build Order
Export as new Build Order

Fropez Protoss - Winner!

Build Orders: Blink Stalkers 

Get SALT Encoding   

  12  0:04  Probe (Chrono Boost)  
  13  0:16  Pylon  
  13  0:19  Probe (Chrono Boost)  
  14  0:29  Probe (Chrono Boost)  
  14  0:35  Gateway  
  15  0:40  Probe (Chrono Boost)  
  16  0:46  Assimilator  
  16  0:50  Probe (Chrono Boost)  
  17  1:01  Probe (Chrono Boost)  
  18  1:11  Pylon, Probe (Chrono Boost)  
  19  1:22  Probe (Chrono Boost), Gateway  
  20  1:31  Pylon  
  21  1:33  Probe (Chrono Boost)  
  21  1:44  Cybernetics Core  
  21  1:45  Probe (Chrono Boost)  
  22  1:56  Probe (Chrono Boost)  
  22  1:59  Pylon  
  23  2:07  Probe (Chrono Boost), Assimilator  
  24  2:17  Pylon  
  24  2:21  Warp Gate (Chrono Boost)  
  26  2:23  Mothership Core (Chrono Boost)  
  26  2:32  Stalker  
  28  2:41  Probe (Chrono Boost)  
  29  2:56  Twilight Council, Probe (Chrono Boost)  
  30  3:03  Stalker  
  32  3:07  Probe (Chrono Boost)  
  33  3:19  Probe  
  34  3:20  Gateway, Stalker  
  36  3:31  Probe  
  37  3:34  Pylon  
  37  3:40  Blink (Chrono Boost)  
  37  3:46  Probe  
  44  4:10  Pylon  
  38  4:20  Gateway  
  38  4:22  Stalker x3  
  42  4:44  Robotics Facility  
  42  4:48  Stalker  
  42  4:52  Probe  
  45  5:04  Probe  
  45  5:05  Nexus  
  43  5:11  Stalker x2  
  47  5:20  Probe  
  48  5:31  Observer (Chrono Boost)  
  49  5:41  Pylon  
  49  5:45  Probe  
  49  5:47  Assimilator  
  50  5:51  Assimilator  
  50  5:55  Stalker x3  
  54  6:06  Pylon  
  44  6:29  Gateway  
  44  6:41  Stalker x4  
  52  7:01  Probe  
  53  7:03  Probe  
  53  7:08  Warp Prism (Chrono Boost)  
  56  7:13  Probe  
  56  7:14  Probe  
  57  7:18  Stalker x2  
  57  7:19  Stalker x2  
  66  7:34  Forge, Probe x2  
  68  7:46  Probe  
  68  7:48  Gateway  
  63  9:16  Stalker x2  
  63  9:17  Stalker x3  
  63  9:49  Stalker x3  
  63  9:50  Stalker x2  
  73  10:04  Pylon  
  73  10:06  Protoss Ground Weapons Level 1 (Chrono Boost)  
  73  10:11  Nexus  
  73  10:12  Probe  
  73  10:13  Pylon, Probe, Dark Shrine  
  75  10:14  Assimilator  
  75  10:16  Assimilator  
  75  10:20  Pylon  
  75  10:22  Pylon  
  75  10:23  Probe  
  75  10:25  Pylon  
  76  10:29  Pylon  
  76  10:31  Pylon  
  76  10:44  Observer  
  76  10:48  Stalker  
  76  10:49  Stalker x5  
  83  11:15  Stalker  
  83  11:16  Stalker x5  
  83  11:42  Stalker x2  
  83  11:43  Stalker x4  
  95  11:53  Gateway  
  95  11:55  Probe  
  95  11:56  Probe  
  95  11:57  Gateway  
  95  12:00  Gateway  
  97  12:02  Probe  
  98  12:14  Observer  
  99  12:18  Probe  
  99  12:19  Probe x2, Protoss Ground Weapons Level 2 (Chrono Boost)  
  102  12:49  Dark Templar x3  
  102  12:50  Dark Templar x4  
  91  13:49  Dark Templar x7  
  91  13:50  Dark Templar x2  
  105  14:33  Stalker x4  
  105  14:34  Stalker x3  
  105  14:35  Stalker x2  
  105  14:36  Probe x2  
  105  14:37  Probe  
  98  14:49  Probe  
  98  14:51  Pylon  
  82  15:18  Stalker x4  
  82  15:19  Stalker x2  
Show
View Real Time Build Order
Export as new Build Order

PsionicSun Terran 

Build Orders: Mech 

Get SALT Encoding   

  12  0:02  SCV  
  13  0:14  SCV  
  14  0:23  Supply Depot  
  14  0:30  SCV  
  15  0:44  SCV  
  15  0:46  Barracks  
  16  0:57  SCV  
  17  0:59  Supply Depot, Refinery  
  17  1:05  Refinery  
  17  1:09  SCV  
  18  1:33  Orbital Command  
  18  1:55  Factory  
  18  1:57  Engineering Bay  
  18  2:02  SCV  
  19  2:14  SCV  
  20  2:16  Factory  
  20  2:26  SCV  
  20  2:29  Missile Turret  
  20  2:37  Barracks Reactor  
  20  2:40  Factory Tech Lab  
  20  2:46  SCV  
  21  2:53  Supply Depot  
  21  2:58  SCV  
  22  3:00  Cyclone  
  26  3:10  SCV  
  26  3:11  Mag-Field Accelerator  
  27  3:28  Widow Mine x2  
  27  3:32  Cyclone  
  35  3:38  Supply Depot  
  35  3:56  Widow Mine  
  35  3:57  Widow Mine  
  39  4:04  Cyclone  
  43  4:19  Supply Depot  
  43  4:36  Cyclone  
  47  4:45  Widow Mine x2  
  51  5:01  Command Center  
  51  5:08  Cyclone  
  55  5:24  Supply Depot  
  55  5:25  Supply Depot  
  55  5:45  Widow Mine x2  
  55  5:49  Command Center  
  41  6:26  Siege Tank, Hellion x2  
  46  6:33  Barracks  
  46  6:58  Siege Tank, Hellion x2  
  53  7:11  SCV x3  
  53  7:14  Refinery  
  56  7:24  Sensor Tower  
  56  7:25  Armory  
  56  7:27  Armory  
  56  7:29  Factory  
  56  7:37  Factory  
  56  7:47  Orbital Command  
  56  7:50  Orbital Command  
  56  8:03  SCV  
  57  8:10  Siege Tank  
  60  8:15  SCV x2  
  60  8:16  SCV  
  63  8:27  SCV x2  
  63  8:28  SCV  
  51  8:54  SCV x2  
  51  8:55  SCV  
  54  8:58  Factory Tech Lab  
  54  9:06  SCV  
  54  9:07  SCV x2  
  57  9:11  Sensor Tower  
  57  9:12  Terran Vehicle And Ship Armor Level 1  
  57  9:13  Terran Vehicle Weapons Level 1  
  57  9:15  Factory Tech Lab  
  57  9:18  SCV  
  57  9:19  SCV x2  
  59  9:30  SCV  
  59  9:31  SCV x2  
  56  9:38  Siege Tank  
  56  9:39  Siege Tank x2  
  56  9:40  Hellion x2  
  56  9:43  SCV x2  
  71  9:58  SCV, Refinery  
  71  9:59  SCV x2  
  74  10:00  Sensor Tower  
  78  10:07  Hellion x2  
  78  10:10  SCV  
  79  10:28  Missile Turret  
  79  10:40  Siege Tank x2  
  79  10:41  Siege Tank  
  79  10:42  Hellion x2  
  92  10:50  Missile Turret  
  90  11:04  Hellion  
  82  11:12  Hellion  
  82  11:13  Hellion x3  
  90  11:25  Hellion  
  89  11:28  Terran Vehicle And Ship Armor Level 2  
  89  11:30  Terran Vehicle Weapons Level 2  
  86  11:34  Hellion x2  
  87  11:43  Siege Tank  
  87  11:45  Siege Tank  
  93  11:52  Orbital Command  
  93  12:07  Missile Turret  
  93  12:12  Missile Turret  
  93  12:29  Missile Turret  
  93  12:33  Hi-Sec Auto Tracking  
  93  12:35  Missile Turret  
  93  12:38  Siege Tank x2  
  93  12:40  Hellion  
  101  12:47  Siege Tank, Hellion  
  101  12:50  Supply Depot, Missile Turret  
  106  12:52  Supply Depot  
  106  12:54  SCV x3  
  106  12:56  Supply Depot  
  109  13:11  SCV x3  
  112  13:13  Hellion x17  
  112  13:20  Siege Tank  
  112  13:21  Siege Tank x2  
  112  13:22  Hellion x2  
  117  14:04  Hellion  
  117  14:06  Hellion  
  117  14:09  Hellion  
  115  14:10  Hellion x2  
  83  14:25  Hellion  
  83  14:27  Hellion  
  83  14:31  Hellion x3  
  49  14:46  Hellion  
  49  14:49  Hellion  
  49  14:52  Hellion  
  48  14:53  Hellion x2  
  42  15:08  Hellion  
Tags
 
Matchup
PvT
Replay Pack
All Mines
Spawn Locations
Close Positions
Add a new tag
Caveats
  • Supply blocks, unpowered buildings, or Contaminate may cause inaccurate times.
  • Supply counts are checked every 10 seconds.